2135 views
Uploaded 2023-03-24 02:09:00
Game version 1.35 (6115)
15:20 long 3on3 ladder game on (8)Mur'gulOasis_LV
Saved by GIGA
2135 views
Uploaded 2023-03-24 02:09:00
Game version 1.35 (6115)
15:20 long 3on3 ladder game on (8)Mur'gulOasis_LV


55 units @ 4.9k
/ 0.4k
96 buildings @ 7.5k
/ 3.8k


| Peasant | 20 | 1500 | / | 0 |
| Mortar Team | 4 | 720 | / | 280 |
| total: | 24 | 2220g | / | 280w |
| Scout Tower | 15 | 450 | / | 300 |
| Arcane Tower | 1 | 70 | / | 50 |
| Guard Tower | 10 | 700 | / | 500 |
| Altar of Kings | 2 | 360 | / | 100 |
| Farm | 6 | 480 | / | 120 |
| Lumber Mill | 1 | 120 | / | 0 |
| Town Hall | 1 | 385 | / | 205 |
| Blacksmith | 1 | 140 | / | 60 |
| Workshop | 4 | 560 | / | 560 |
| Keep | 1 | 320 | / | 210 |
| Castle | 1 | 360 | / | 210 |
| total: | 30 | 2495g | / | 1345w |
| 0:02 | Peasant |
| 0:08 | Peasant |
| 0:16 | Altar of Kings |
| 0:18 | Farm |
| 0:32 | Peasant |
| 0:34 | Lumber Mill |
| 0:35 | Peasant |
| 0:50 | Farm |
| 0:58 | Peasant |
| 1:09 | Peasant |
| 1:19 | Peasant |
| 1:23 | Scout Tower |
| 1:26 | Peasant |
| 1:36 | Scout Tower |
| 1:39 | Peasant |
| 1:40 | Improved Lumber Harvesting |
| 1:43 | Peasant |
| 2:04 | Arcane Tower |
| 2:06 | Peasant |
| 2:10 | Farm |
| 2:21 | Storm Bolt |
| 2:22 | Guard Tower |
| 2:23 | Scout Tower |
| 2:24 | Scout Tower |
| 2:27 | Peasant |
| 2:37 | Peasant |
| 2:41 | Scout Tower |
| 2:48 | Scout Tower |
| 2:50 | Peasant |
| 3:13 | Guard Tower |
| 3:20 | Scout Tower |
| 3:44 | Town Hall |
| 4:15 | Guard Tower |
| 4:18 | Scout Tower |
| 4:19 | Scout Tower |
| 4:29 | Guard Tower |
| 4:30 | Peasant |
| 4:30 | Peasant |
| 4:35 | Scout Tower |
| 4:36 | Scout Tower |
| 4:46 | Scout Tower |
| 4:53 | Guard Tower |
| 5:18 | Scout Tower |
| 5:20 | Guard Tower |
| 5:21 | Scout Tower |
| 5:27 | Guard Tower |
| 5:28 | Peasant |
| 5:45 | Guard Tower |
| 5:47 | Scout Tower |
| 5:57 | Guard Tower |
| 5:59 | Improved Masonry |
| 6:45 | Guard Tower |
| 6:51 | Peasant |
| 6:52 | Peasant |
| 6:52 | Peasant |
| 7:52 | Keep |
| 7:54 | Blacksmith |
| 7:57 | Farm |
| 7:58 | Farm |
| 7:59 | Farm |
| 8:37 | Bash |
| 8:42 | Holy Light |
| 9:38 | Black Gunpowder |
| 9:38 | Iron Plating |
| 10:14 | Castle |
| 10:19 | Workshop |
| 10:20 | Workshop |
| 10:24 | Workshop |
| 10:59 | Workshop |
| 11:31 | Mortar Team |
| 11:50 | Mortar Team |
| 11:53 | Refined Gunpowder |
| 12:39 | Altar of Kings |
| 13:18 | Mortar Team |
| 13:29 | Flak Cannons |
| 13:30 | Flying Machine Bombs |
| 13:30 | Fragmentation Shards |
| 13:30 | Flare |
| 13:35 | Mortar Team |
| Right click | 671 |
| Select | 152 |
| Select group | 65 |
| Build/train/purchase | 55 |
| Misc. action | 38 |
| Assign group | 11 |
| Use ability | 6 |


| Healing Salve | 1 | 100 |
| total: | 1 | 100g |
| Peasant | 15 | 1125 | / | 0 |
| Dragonhawk Rider | 3 | 600 | / | 90 |
| total: | 18 | 1725g | / | 90w |
| Scout Tower | 39 | 1170 | / | 780 |
| Arcane Tower | 10 | 700 | / | 500 |
| Guard Tower | 11 | 770 | / | 550 |
| Altar of Kings | 1 | 180 | / | 50 |
| Farm | 5 | 400 | / | 100 |
| Lumber Mill | 2 | 240 | / | 0 |
| Arcane Vault | 1 | 130 | / | 30 |
| Arcane Sanctum | 1 | 150 | / | 140 |
| Gryphon Aviary | 1 | 140 | / | 150 |
| Keep | 1 | 320 | / | 210 |
| Castle | 1 | 360 | / | 210 |
| total: | 50 | 2410g | / | 1250w |
| 0:03 | Peasant |
| 0:03 | Peasant |
| 0:06 | Altar of Kings |
| 0:11 | Peasant |
| 0:17 | Farm |
| 0:17 | Farm |
| 0:25 | Peasant |
| 0:38 | Peasant |
| 0:54 | Peasant |
| 1:13 | Peasant |
| 1:17 | Lumber Mill |
| 1:20 | Farm |
| 1:22 | Peasant |
| 1:23 | Peasant |
| 1:36 | Peasant |
| 1:39 | Scout Tower |
| 1:47 | Peasant |
| 1:59 | Peasant |
| 2:00 | Peasant |
| 2:23 | Improved Lumber Harvesting |
| 2:24 | Arcane Tower |
| 2:26 | Peasant |
| 2:26 | Peasant |
| 2:35 | Storm Bolt |
| 3:08 | Scout Tower |
| 3:09 | Scout Tower |
| 3:09 | Scout Tower |
| 3:10 | Scout Tower |
| 3:11 | Scout Tower |
| 3:11 | Scout Tower |
| 3:28 | Improved Masonry |
| 3:45 | Arcane Tower |
| 4:15 | Guard Tower |
| 4:17 | Scout Tower |
| 4:26 | Scout Tower |
| 4:46 | Keep |
| 4:54 | Scout Tower |
| 4:58 | Scout Tower |
| 5:00 | Arcane Tower |
| 5:02 | Scout Tower |
| 5:03 | Scout Tower |
| 5:04 | Scout Tower |
| 5:23 | Guard Tower |
| 5:25 | Scout Tower |
| 5:36 | Arcane Tower |
| 5:45 | Scout Tower |
| 5:46 | Scout Tower |
| 5:47 | Scout Tower |
| 5:51 | Guard Tower |
| 5:55 | Guard Tower |
| 5:58 | Scout Tower |
| 6:00 | Scout Tower |
| 6:02 | Arcane Tower |
| 6:04 | Scout Tower |
| 6:06 | Scout Tower |
| 6:26 | Guard Tower |
| 6:31 | Scout Tower |
| 6:33 | Scout Tower |
| 6:45 | Bash |
| 6:57 | Healing Salve |
| 7:09 | Arcane Tower |
| 7:10 | Guard Tower |
| 7:14 | Castle |
| 7:18 | Guard Tower |
| 7:20 | Advanced Masonry |
| 7:43 | Guard Tower |
| 7:52 | Scout Tower |
| 7:55 | Scout Tower |
| 7:56 | Scout Tower |
| 7:59 | Scout Tower |
| 8:00 | Scout Tower |
| 8:09 | Arcane Sanctum |
| 8:11 | Gryphon Aviary |
| 8:35 | Guard Tower |
| 8:47 | Lumber Mill |
| 8:52 | Scout Tower |
| 8:55 | Arcane Tower |
| 8:57 | Scout Tower |
| 8:58 | Scout Tower |
| 8:59 | Scout Tower |
| 9:01 | Scout Tower |
| 9:02 | Scout Tower |
| 9:33 | Arcane Vault |
| 10:40 | Arcane Tower |
| 10:41 | Arcane Tower |
| 10:43 | Arcane Tower |
| 10:44 | Guard Tower |
| 10:48 | Scout Tower |
| 10:49 | Scout Tower |
| 10:50 | Scout Tower |
| 10:50 | Scout Tower |
| 10:53 | Imbued Masonry |
| 11:48 | Guard Tower |
| 12:01 | Cloud |
| 12:01 | Dragonhawk Rider |
| 12:01 | Dragonhawk Rider |
| 12:03 | Dragonhawk Rider |
| 12:07 | Farm |
| 12:08 | Farm |
| 12:56 | Holy Light |
| Right click | 810 |
| Select | 271 |
| Build/train/purchase | 66 |
| Use ability | 32 |
| Select group | 15 |
| Minimap ping | 8 |
| Assign group | 3 |
| Esc | 3 |
| Misc. action | 1 |
| Remove unit | 1 |
Cabeelibob
(194)
(15:18) : 
| Healing Salve | 1 | 100 |
| Lesser Clarity Potion | 3 | 210 |
| Potion of Healing | 1 | 150 |
| Potion of Mana | 2 | 400 |
| Orb of Lightning | 1 | 375 |
| Tiny Great Hall | 1 | 600 |
| Boots of Speed | 1 | 250 |
| Staff of Teleportation | 1 | 150 |
| total: | 11 | 2235g |
| Peon | 13 | 975 | / | 0 |
| total: | 13 | 975g | / | 0w |
| Watch Tower | 5 | 550 | / | 400 |
| Altar of Storms | 1 | 180 | / | 50 |
| Orc Burrow | 5 | 800 | / | 200 |
| War Mill | 1 | 205 | / | 0 |
| Great Hall | 1 | 385 | / | 185 |
| Voodoo Lounge | 1 | 130 | / | 30 |
| Spirit Lodge | 1 | 150 | / | 150 |
| Beastiary | 1 | 145 | / | 140 |
| Stronghold | 1 | 315 | / | 190 |
| Fortress | 1 | 325 | / | 190 |
| total: | 16 | 2545g | / | 1155w |
| 0:03 | Altar of Storms |
| 0:05 | Peon |
| 0:08 | Orc Burrow |
| 0:09 | Peon |
| 0:22 | Peon |
| 0:45 | Peon |
| 0:57 | Peon |
| 1:04 | Peon |
| 1:05 | Peon |
| 1:34 | War Mill |
| 1:42 | Orc Burrow |
| 1:44 | Peon |
| 2:06 | Peon |
| 2:14 | Wind Walk |
| 3:01 | Peon |
| 3:01 | Peon |
| 3:08 | Watch Tower |
| 3:20 | Great Hall |
| 3:29 | Orc Burrow |
| 4:19 | Peon |
| 4:19 | Peon |
| 4:25 | Voodoo Lounge |
| 5:00 | Spiked Barricades |
| 5:04 | Watch Tower |
| 5:50 | Watch Tower |
| 5:50 | Watch Tower |
| 6:31 | Stronghold |
| 6:36 | Orc Burrow |
| 7:58 | Watch Tower |
| 8:02 | Orc Burrow |
| 8:58 | Boots of Speed |
| 8:59 | Staff of Teleportation |
| 9:03 | Fortress |
| 9:07 | Spirit Lodge |
| 9:14 | Beastiary |
| 9:18 | Healing Salve |
| 9:18 | Lesser Clarity Potion |
| 10:48 | Lesser Clarity Potion |
| 10:50 | Potion of Healing |
| 10:50 | Potion of Mana |
| 11:04 | Witch Doctor Adept Training |
| 11:41 | Liquid Fire |
| 11:42 | War Drums Damage Increase |
| 12:51 | Lesser Clarity Potion |
| 12:53 | Orb of Lightning |
| 12:53 | Tiny Great Hall |
| 13:24 | Witch Doctor Master Training |
| 13:29 | Potion of Mana |
| 13:47 | Critical Strike |
| Right click | 685 |
| Select | 119 |
| Build/train/purchase | 73 |
| Misc. action | 54 |
| Select group | 30 |
| Resource trade | 13 |
| Use ability | 8 |
| Chat | 4 |
| Assign group | 2 |
| Item give/drop | 2 |
94 units @ 12.2k
/ 1.9k
39 buildings @ 6.7k
/ 2.4k



| Wisp | 14 | 840 | / | 0 |
| Archer | 5 | 650 | / | 50 |
| Huntress | 8 | 1560 | / | 160 |
| Druid of the Claw | 5 | 1275 | / | 400 |
| Dryad | 1 | 145 | / | 60 |
| Druid of the Talon | 4 | 580 | / | 80 |
| Faerie Dragon | 1 | 155 | / | 25 |
| total: | 38 | 5205g | / | 775w |
| Altar of Elders | 1 | 180 | / | 50 |
| Moon Well | 6 | 1080 | / | 240 |
| Ancient of War | 1 | 150 | / | 60 |
| Hunter's Hall | 1 | 210 | / | 100 |
| Ancient of Wonders | 1 | 90 | / | 30 |
| Tree of Life | 1 | 340 | / | 185 |
| Ancient of Lore | 1 | 155 | / | 145 |
| Ancient of Wind | 1 | 150 | / | 140 |
| Chimaera Roost | 1 | 140 | / | 190 |
| Tree of Ages | 1 | 320 | / | 180 |
| Tree of Eternity | 1 | 330 | / | 200 |
| total: | 14 | 2495g | / | 1140w |
| 0:02 | Wisp |
| 0:02 | Wisp |
| 0:17 | Altar of Elders |
| 0:24 | Wisp |
| 0:32 | Moon Well |
| 0:35 | Wisp |
| 0:46 | Ancient of War |
| 0:48 | Wisp |
| 0:53 | Wisp |
| 1:05 | Wisp |
| 1:40 | Moon Well |
| 1:42 | Wisp |
| 1:48 | Archer |
| 1:51 | Wisp |
| 2:08 | Archer |
| 2:24 | Shadow Strike |
| 2:30 | Archer |
| 2:33 | Wisp |
| 2:38 | Hunter's Hall |
| 2:57 | Wisp |
| 3:02 | Ancient of Wonders |
| 3:08 | Moon Well |
| 3:10 | Moon Well |
| 3:15 | Archer |
| 3:34 | Archer |
| 3:37 | Wisp |
| 3:47 | Fan of Knives |
| 3:54 | Tree of Ages |
| 4:13 | Huntress |
| 4:29 | Huntress |
| 5:10 | Huntress |
| 5:34 | Huntress |
| 5:35 | Sentinel |
| 5:53 | Shadow Strike |
| 6:24 | Moon Well |
| 6:26 | Ancient of Lore |
| 6:28 | Tree of Eternity |
| 7:02 | Tree of Life |
| 7:15 | Huntress |
| 8:09 | Druid of the Claw |
| 8:17 | Ancient of Wind |
| 8:49 | Abolish Magic |
| 8:54 | Moon Well |
| 9:10 | Fan of Knives |
| 9:13 | Wisp |
| 9:13 | Wisp |
| 9:16 | Huntress |
| 9:18 | Dryad |
| 9:36 | Entangling Roots |
| 9:40 | Druid of the Claw Adept Training |
| 9:42 | Druid of the Talon |
| 10:40 | Black Arrow |
| 10:45 | Druid of the Claw Master Training |
| 10:45 | Druid of the Claw |
| 10:47 | Druid of the Talon |
| 11:14 | Druid of the Talon |
| 11:15 | Druid of the Talon |
| 11:48 | Huntress |
| 11:50 | Mark of the Claw |
| 11:52 | Thorns Aura |
| 11:54 | Life Drain |
| 12:45 | Druid of the Claw |
| 12:46 | Faerie Dragon |
| 12:47 | Huntress |
| 13:14 | Shadow Strike |
| 13:16 | Entangling Roots |
| 13:52 | Chimaera Roost |
| 13:55 | Druid of the Claw |
| 14:57 | Druid of the Claw |
| 15:18 | Black Arrow |
| Right click | 244 |
| Select group | 196 |
| Select | 183 |
| Assign group | 108 |
| Build/train/purchase | 77 |
| Misc. action | 48 |
| Use ability | 16 |
| Minimap ping | 9 |
| Esc | 2 |
| Item give/drop | 1 |


| Wisp | 14 | 840 | / | 0 |
| Archer | 12 | 1560 | / | 120 |
| Dryad | 2 | 290 | / | 120 |
| Druid of the Claw | 3 | 765 | / | 240 |
| Glaive Thrower | 3 | 630 | / | 195 |
| total: | 34 | 4085g | / | 675w |
| Altar of Elders | 1 | 180 | / | 50 |
| Ancient of War | 1 | 150 | / | 60 |
| Moon Well | 7 | 1260 | / | 280 |
| Hunter's Hall | 1 | 210 | / | 100 |
| Ancient of Wonders | 1 | 90 | / | 30 |
| Ancient of Lore | 2 | 310 | / | 290 |
| Tree of Ages | 1 | 320 | / | 180 |
| Tree of Eternity | 2 | 660 | / | 400 |
| total: | 13 | 2200g | / | 810w |
| 0:02 | Wisp |
| 0:11 | Altar of Elders |
| 0:14 | Wisp |
| 0:19 | Ancient of War |
| 0:22 | Wisp |
| 0:28 | Moon Well |
| 0:35 | Wisp |
| 0:51 | Wisp |
| 1:00 | Wisp |
| 1:04 | Wisp |
| 1:21 | Archer |
| 1:36 | Moon Well |
| 1:39 | Wisp |
| 1:41 | Archer |
| 1:41 | Archer |
| 2:20 | Immolation |
| 2:29 | Moon Well |
| 2:30 | Archer |
| 2:31 | Wisp |
| 2:31 | Wisp |
| 2:41 | Archer |
| 3:06 | Archer |
| 3:21 | Tree of Ages |
| 3:24 | Evasion |
| 3:50 | Archer |
| 3:51 | Archer |
| 4:30 | Archer |
| 4:34 | Moon Well |
| 4:57 | Moon Well |
| 5:00 | Archer |
| 5:05 | Immolation |
| 5:28 | Archer |
| 5:30 | Hunter's Hall |
| 6:40 | Ancient of Lore |
| 6:52 | Tree of Eternity |
| 7:09 | Strength of the Wild |
| 7:49 | Entangling Roots |
| 8:32 | Dryad |
| 8:32 | Abolish Magic |
| 8:35 | Ancient of Lore |
| 8:39 | Archer |
| 8:39 | Improved Bows |
| 8:42 | Improved Strength of the Wild |
| 9:02 | Ancient of Wonders |
| 9:06 | Dryad |
| 9:19 | Wisp |
| 9:20 | Druid of the Claw Adept Training |
| 9:33 | Evasion |
| 10:18 | Thorns Aura |
| 10:41 | Druid of the Claw |
| 10:47 | Moon Well |
| 10:49 | Druid of the Claw Master Training |
| 10:50 | Druid of the Claw |
| 11:34 | Glaive Thrower |
| 11:34 | Glaive Thrower |
| 11:41 | Moon Well |
| 11:56 | Wisp |
| 11:59 | Wisp |
| 11:59 | Wisp |
| 12:19 | Entangling Roots |
| 13:05 | Druid of the Claw |
| 13:07 | Glaive Thrower |
| 13:24 | Immolation |
| Right click | 821 |
| Select | 332 |
| Build/train/purchase | 101 |
| Use ability | 17 |
| Misc. action | 3 |
| Minimap ping | 3 |
| Remove unit | 2 |



| Healing Salve | 1 | 100 |
| Lesser Clarity Potion | 1 | 70 |
| total: | 2 | 170g |
| Peon | 9 | 675 | / | 0 |
| Troll Headhunter | 8 | 1120 | / | 160 |
| Demolisher | 5 | 1100 | / | 250 |
| total: | 22 | 2895g | / | 410w |
| Altar of Storms | 1 | 180 | / | 50 |
| Orc Burrow | 7 | 1120 | / | 280 |
| War Mill | 1 | 205 | / | 0 |
| Barracks | 2 | 360 | / | 100 |
| Voodoo Lounge | 1 | 130 | / | 30 |
| Stronghold | 1 | 315 | / | 190 |
| Fortress | 1 | 325 | / | 190 |
| total: | 12 | 1995g | / | 460w |
| 0:01 | Peon |
| 0:02 | Peon |
| 0:05 | Altar of Storms |
| 0:18 | Orc Burrow |
| 0:20 | Peon |
| 0:31 | Peon |
| 0:45 | Peon |
| 1:04 | War Mill |
| 1:19 | Barracks |
| 1:26 | Peon |
| 1:37 | Peon |
| 1:45 | Orc Burrow |
| 1:48 | Peon |
| 2:08 | Voodoo Lounge |
| 2:11 | Feral Spirit |
| 2:21 | Troll Headhunter |
| 2:29 | Troll Headhunter |
| 2:51 | Troll Headhunter |
| 3:09 | Troll Headhunter |
| 3:29 | Stronghold |
| 3:40 | Troll Headhunter |
| 3:55 | Chain Lighting |
| 4:21 | Healing Salve |
| 4:25 | Lesser Clarity Potion |
| 4:30 | Troll Headhunter |
| 4:37 | Orc Burrow |
| 4:55 | Troll Headhunter |
| 5:52 | Troll Regeneration |
| 6:19 | Peon |
| 6:40 | Fortress |
| 7:01 | Serpent Ward |
| 7:08 | Barracks |
| 7:10 | Orc Burrow |
| 7:15 | Orc Burrow |
| 8:16 | Feral Spirit |
| 8:27 | Troll Headhunter |
| 8:31 | Orc Burrow |
| 8:38 | Healing Wave |
| 9:02 | Berserker Upgrade |
| 9:03 | Burning Oil |
| 9:40 | Summon Lava Spawn |
| 9:58 | Demolisher |
| 10:04 | Reinforced Defenses |
| 10:04 | Steel Ranged Weapons |
| 10:14 | Orc Burrow |
| 10:25 | Demolisher |
| 11:05 | Demolisher |
| 11:51 | Serpent Ward |
| 13:03 | Demolisher |
| 13:33 | Demolisher |
| 13:36 | Thorium Ranged Weapons |
| 14:06 | Chain Lighting |
| 14:49 | Incinerate |
| Select group | 761 |
| Right click | 665 |
| Select | 174 |
| Build/train/purchase | 78 |
| Assign group | 31 |
| Misc. action | 18 |
| Use ability | 18 |
| Minimap ping | 7 |
| Item give/drop | 4 |
| Remove unit | 1 |
⇛